 Dungeon Crawl Stone Soup version 0.30-a0-118-ga018f8e90f (webtiles) character file.

Game seed: 16337688558557516332

105 MisterAzrael the Slasher (level 4, 0/39 HPs)
             Began as a Minotaur Fighter on Sept 13, 2022.
             Slain by Sigmund
             ... wielding a +1 scythe of freezing
              (1 damage)
             ... on level 2 of the Dungeon.
             The game lasted 00:01:49 (1840 turns).

MisterAzrael the Slasher (Minotaur Fighter)         Turns: 1840, Time: 00:01:50

Health: 0/39       AC:  6    Str: 21 (23) XL:     4   Next: 53%
Magic:  3/3        EV:  9    Int:  4 (5)  God:
Gold:   95         SH:  4    Dex:  7 (9)  Spells: 3/3 levels left

rFire   . . .      SeeInvis .    a - +0 long sword
rCold   . . .      Faith    .    c - +0 buckler
rNeg    . . .      Spirit   .    b - +0 scale mail
rPois   .          Reflect  .    (helmet restricted)
rElec   .          Harm     .    (no cloak)
rCorr   .          Rampage  .    (no gloves)
Will    .....                    (no boots)
Stlth   ..........               (no amulet)
HPRegen 0.13/turn                (no ring)
MPRegen 0.08/turn                (no ring)

@: mighty
A: horns 2, retaliatory headbutt
a: no special abilities


You were on level 2 of the Dungeon.
You visited 1 branch of the dungeon, and saw 2 of its levels.

You collected 95 gold pieces.

Inventory:

Hand Weapons
 a - a +0 long sword (weapon)
Armour
 b - a +0 scale mail (worn)
 c - a +0 buckler (worn)
Scrolls
 e - a scroll of fear {unknown}
 f - a scroll of immolation {unknown}
 g - a scroll of vulnerability {unknown}
 h - a scroll of identify {unknown}
Potions
 j - a potion of haste {unknown}
 k - a potion of resistance {unknown}


   Skills:
 - Level 3.6 Fighting
 * Level 5.9 Long Blades
 - Level 3.6 Armour
 - Level 3.6 Shields


You had 3 spell levels left.
You didn't know any spells.
Your spell library was empty.

Dungeon Overview and Level Annotations

Branches:
Dungeon (2/15)

Altars:

Annotations:
D:2 Sigmund


Innate Abilities, Weirdness & Mutations

You have a pair of horns on your head.
You reflexively headbutt those who attack you in melee.


Message History

Something hits you. Something freezes you.
There is an open door, spattered with blood here.
You're too confused to move!
The quokka bites you but does no damage.
You're too confused to move!
You hear some strange, mumbled words.
You are more confused.
The quokka barely misses you.
You miss the quokka. Your headbutt misses the quokka.
The quokka barely misses you. Something hits you! Something freezes you.
You bump into the stone wall.
The quokka barely misses you. Something hits you but does no damage.
The quokka bites you but does no damage.
The quokka attacks as you move away! The quokka closely misses you.
The quokka attacks as you move away!
The quokka bites you but does no damage.
The quokka barely misses you.
You barely miss the quokka. Your headbutt misses the quokka.
The quokka bites you but does no damage.
Something hits you.
* * * LOW HITPOINT WARNING * * *
Something freezes you.
* * * LOW HITPOINT WARNING * * *
The quokka bites you.
* * * LOW HITPOINT WARNING * * *
You feel less confused. You block something's attack.
You block the quokka's attack.
You hit the quokka.
The quokka is almost dead.
The quokka bites you but does no damage.
Something hits you but does no damage.
You slash the quokka!
You kill the quokka!
It was a potion of degeneration.
There was something very wrong with that liquid.
You feel weakened.
You feel dopey.
You feel clumsy. Something hits you.
* * * LOW HITPOINT WARNING * * *
Something freezes you.
You die...

#....). #...... .#
#...... ..#
.....### ... ##
#####....# #.##.
........)# .....
#......†{### ###+
#..
+.......#..###..#
#####..
#.......#@..8...#
.......
#.......##.....##
######.
#........#.._..#
#.
#....#####.....##
#. ##<#. #.......#
#. ###
#..###..#########+
+### ###'.........
######..... #....<


There were no monsters in sight!

Vanquished Creatures
  4 gnolls (D:2)
  An adder (D:2)
  2 dart slugs
  9 endoplasms
  A giant cockroach (D:1)
  5 hobgoblins
  2 quokkas
  6 ball pythons (D:1)
  5 bats
  4 goblins (D:1)
  3 kobolds
  7 rats
49 creatures vanquished.

Notes
Turn   | Place    | Note
-------+----------+-------------------------------------------
     0 | D:1      | MisterAzrael the Minotaur Fighter began the quest for the
                  | Orb.
     0 | D:1      | Reached XP level 1. HP: 19/19 MP: 0/0
   169 | D:1      | Reached skill level 3 in Long Blades
   223 | D:1      | Reached XP level 2. HP: 26/26 MP: 1/1
   582 | D:1      | Reached skill level 4 in Long Blades
   745 | D:1      | Reached XP level 3. HP: 31/31 MP: 2/2
  1058 | D:2      | Reached skill level 5 in Long Blades
  1219 | D:2      | Reached XP level 4. HP: 13/39 MP: 3/3
  1795 | D:2      | Found a faded altar of an unknown god.
  1822 | D:2      | Noticed Sigmund
  1840 | D:2      | HP: 1/39 [something (3)]
  1840 | D:2      | Slain by Sigmund

Illustrated notes

Levels and vault maps discovered:
D:1:      wander_arrival_estate, layout_loops_ring, hangedman_decor_riveting,
          minmay_pentomino_s2
D:2:      layout_basic, hellmonk_ecumenical_altar_slurped_away, uniq_sigmund

Skill      XL: |  1  2  3 |
---------------+----------+-----
Long Blades    | 3 4 5 |  5.9
Fighting       | |  3.6
Armour         | |  3.6
Shields        | |  3.6

Action                   |  1- 3 |  4- 6 || total
-------------------------+-------+-------++-------
Melee: Long sword        |    95 |    29 ||   124
       Headbutt          |     8 |     5 ||    13
  Use: Potion            |       |     2 ||     2
Armor: Scale mail        |    46 |    15 ||    61
Dodge: Dodged            |    43 |     8 ||    51
Block: Buckler           |    24 |    10 ||    34

Table legend: (Time is in decaauts)
 A = Elapsed time spent in this place.
 B = Non-inter-level travel time spent in this place.
 C = Inter-level travel time spent in this place.
 D = Time resting spent in this place.
 E = Time spent auto-exploring this place.
 F = Levels seen in this place.
 G = Mean time per level.
                   A        B        C        D        E       F      G
               +--------+--------+--------+--------+--------+-----+--------+
         Total |   1869 |   1853 |     16 |    187 |   1398 |   2 |  934.5 |
       Dungeon |   1869 |   1853 |     16 |    187 |   1398 |   2 |  934.5 |
               +--------+--------+--------+--------+--------+-----+--------+

Top non-repeatable levels by time:
     D:1: 1056 daAuts
     D:2: 812 daAuts
